AoeStats
← Dovalle95

Black Forest

510378475Analyzed
3v3 RM · 16h ago on Sep 30, 2026· 41m 3s· 6 players
Game mode
Random Map
Map size
Normal (6 player)
Population
200
Speed
Normal
Resources
Standard
Victory
Conquest
Starting age
Dark Age
Ending age
Imperial Age
RankedLock teamsTeams togetherTeam positionsShared explorationLock speedFull tech treeHidden civsTurbo modeCheats
Victory
Defeat
🇭🇷 Hindustanis · Croatia
1005
+18
🇨🇴 Turks · Colombia
961
+20
🇹🇷 Burgundians · Türkiye
925
+20
🇹🇷 Vietnamese · Türkiye
1052
-20
🇹🇷 Inca · Türkiye
1034
-19
🇹🇷 Mongols · Türkiye
1033
-19
dodo_kkl
4:55 Loom
8:18 Double-Bit Axe
13:06 Feudal Age
12:42 Horse Collar
14:25 Bow Saw
15:16 Gold Mining
15:47 Man-at-Arms
22:17 Castle Age
21:55 Scale Barding Armor
22:27 Crossbowman
23:59 Gold Shaft Mining
25:23 Heavy Plow
26:25 Two-Man Saw
24:58 Cavalier
30:40 Forging
37:12 Pikeman
38:26 Chain Barding Armor
aHuRa_zg82
1:45 Loom
12:40 Feudal Age
17:26 Castle Age
15:18 Double-Bit Axe
15:15 Horse Collar
16:04 Stone Mining
16:59 Gold Mining
21:36 Bow Saw
23:51 Grand Trunk Road
26:13 Wheelbarrow
27:05 Gold Shaft Mining
26:22 Town Watch
27:01 Heavy Plow
28:51 Hand Cart
33:14 Imperial Age
31:28 Stone Shaft Mining
32:45 Scale Barding Armor
32:55 Bloodlines
32:52 Husbandry
33:45 Town Patrol
33:33 Onager
35:33 Two-Man Saw
35:23 Chain Barding Armor
36:15 Chemistry
34:56 Heavy Camel Rider
36:00 Forging
35:53 Scale Mail Armor
38:13 Conscription
38:13 Fortified Wall
38:14 Masonry
37:58 Imperial Camel Rider
39:15 Iron Casting
41:07 Plate Barding Armor
41:33 Blast Furnace
Dovalle95
1:10 Loom
14:17 Feudal Age
17:07 Bloodlines
23:08 Castle Age
24:17 Scale Barding Armor
24:23 Forging
24:49 Husbandry
39:11 Imperial Age
37:25 Wheelbarrow
36:34 Horse Collar
39:58 Elite Janissary
76561198089966853
0:41 Loom
17:05 Feudal Age
20:03 Double-Bit Axe
24:22 Castle Age
23:42 Scale Mail Armor
24:01 Champi Runner
26:29 Forging
26:37 Champi Warrior
41:22 Wheelbarrow
seyyarvatandas
0:39 Loom
12:01 Feudal Age
17:29 Castle Age
16:21 Double-Bit Axe
22:03 Town Watch
23:02 Bow Saw
28:54 Scale Mail Armor
30:41 Gold Mining
31:27 Squires
31:46 Forging
33:11 Chain Mail Armor
36:13 Iron Casting
37:33 Wheelbarrow
rabbuke
2:17 Loom
11:17 Feudal Age
11:44 Double-Bit Axe
15:18 Castle Age
17:27 Horse Collar
23:02 Forging
23:45 Scale Barding Armor
26:32 Gold Mining
30:01 Husbandry
30:15 Bloodlines
34:41 Iron Casting
37:01 Chain Barding Armor
37:22 Bow Saw
37:40 Stone Mining
41:19 Wheelbarrow
Connection lost

Rejoining the realm…

Still unreachable

The connection could not be restored.

Session expired

The server has moved on; the page needs a fresh start.